 Dungeon Crawl Stone Soup version 0.26.0-41-g79a4fc7684 (webtiles) character file.

Game seed: 11286883243919293162

17 thiole the Sneak (level 2, -4/17 HPs)
             Began as an Octopode Hedge Wizard on Jan 26, 2021.
             Slain by Terence
             ... wielding a +2 falchion of electrocution
              (5 damage)
             ... on level 1 of the Dungeon.
             The game lasted 00:01:24 (1316 turns).

thiole the Sneak (Octopode Hedge Wizard)            Turns: 1316, Time: 00:01:25

Health: -4/17      AC:  1    Str:  6 (9)  XL:     2   Next: 62%
Magic:  6/6        EV: 12    Int: 15 (16) God:
Gold:   28         SH:  2    Dex:  9 (11) Spells: 6/7 levels left

rFire    . . .     SeeInvis .   a - +0 dagger
rCold    . . .     Faith    .   l - +0 buckler
rNeg     . . .     Spirit   .   b - +0 hat
rPois    .         Reflect  .   (no amulet)
rElec    .         Harm     .   (no ring)
rCorr    .         Rampage  .   (no ring)
Will     .....                  (no ring)
Stlth    +++.......             (no ring)
HPRegen  0.05/turn              (no ring)
MPRegen  0.10/turn              (no ring)
                                (no ring)
                                (no ring)

@: hasted, very quick
A: almost no armour, stealthy swim, amphibious, 8 rings, constrict 8, camouflage
1, gelatinous body 1
a: no special abilities


You were on level 1 of the Dungeon.
You visited 1 branch of the dungeon, and saw 2 of its levels.

You collected 28 gold pieces.

Inventory:

Hand Weapons
 a - a +0 dagger (weapon)
Missiles
 m - 9 sling bullets
Armour
 b - a +0 hat (worn)
 l - a +0 buckler (worn)
Jewellery
 i - a cursed -4 ring of dexterity {unknown}
Scrolls
 c - a scroll of remove curse {unknown}
 d - a scroll of noise {unknown}
 e - 2 scrolls of identify {unknown}
 k - a scroll of immolation {unknown}
Potions
 j - a potion of curing {unknown}


   Skills:
 - Level 2.0 Dodging
 + Level 3.2 Stealth
 + Level 3.1 Spellcasting
 * Level 1.4 Conjurations
 * Level 1.4 Summonings
 - Level 1.0 Translocations


You had 6 spell levels left.
You knew the following spells:

 Your Spells              Type           Power        Failure   Level
a - Magic Dart            Conj           24%          19%         1

Your spell library contained the following spells:

 Spells                   Type           Power        Failure   Level
 Call Imp                 Summ           6%           26%         2
 Blink                    Tloc           N/A          32%         2
 Slow                     Hex            2%           45%         2
 Conjure Flame            Conj/Fire      4%           58%         3
 Mephitic Cloud           Conj/Pois/Air  3%           63%         3


Dungeon Overview and Level Annotations

Branches:
Dungeon (2/15)

Altars:

Annotations:
D:1 Terence


Innate Abilities, Weirdness & Mutations

You cannot wear most types of armour.
You are very stealthy in the water. (Stealth+)
You are amphibious.
You can wear up to eight rings at the same time.
You can use your tentacles to constrict eight enemies at once.
Your skin changes colour to match your surroundings (Stealth+).
Your rubbery body absorbs attacks. (AC +1, EV +1)


Message History

Casting: Magic Dart (safe; 17% risk of failure)
Confirm with . or Enter, or press ? or * to list all spells.
Okay, then.
Casting: Magic Dart (safe; 17% risk of failure)
Confirm with . or Enter, or press ? or * to list all spells.
Okay, then.
You hit Terence but do no damage. Your grab misses Terence.
Terence hits you with a +2 falchion of electrocution.
You are electrocuted!
Ouch! That really hurt!
* * * LOW HITPOINT WARNING * * *
It was a potion of degeneration.
There was something very wrong with that liquid.
You feel weakened.
You feel dopey.
You feel clumsy. Terence misses you.
It was a potion of cancellation.
You feel magically purged. Terence closely misses you.
It was a potion of haste.
You feel yourself speed up.
Terence hits you with a +2 falchion of electrocution.
You die...

#.# #.....# #.#
#.....# #.# #.....#
#.# #.....# #.#
#.....# #.#
#.....#############
#.#
##.................
#.# #..#####........##
#.# #@@.............'.
#.# ##.#####........##
#.#########.#
##'#######
#.#.........# #.#
#.#.##############.###
#.#.# #.......#
#.#.###### #.......#
#.#.##...## #.......#
#.#..'....#
#.......######


You could see Terence.

Vanquished Creatures
  An ooze (D:1)
  6 bats
  A giant cockroach (D:2)
  2 goblins (D:2)
  2 rats (D:1)
12 creatures vanquished.

Notes
Turn   | Place    | Note
-------+----------+-------------------------------------------
     0 | D:1      | thiole the Octopode Hedge Wizard began the quest for the
                  | Orb.
     0 | D:1      | Reached XP level 1. HP: 11/11 MP: 4/4
     6 | D:1      | Noticed a swamp drake
     6 | D:1      | Noticed a hog
     7 | D:1      | Noticed a polar bear
   478 | D:1      | Reached XP level 2. HP: 9/17 MP: 0/6
  1306 | D:2      | Noticed Terence
  1316 | D:1      | Slain by Terence

Illustrated notes

Levels and vault maps discovered:
D:1:      onia_arrival_zoo_common, layout_basic, minmay_misc_feat_cross,
          minmay_heptomino_l4
D:2:      kennysheep_big_flooded_room, layout_basic, uniq_terence,
          uniq_crazy_yiuf_cottage

Skill      XL: |  1 |
---------------+----+-----
Stealth        | 3 |  3.2
Dodging        | |  2.0
Spellcasting   | |  3.1
Conjurations   | |  1.4
Summonings     | |  1.4
Translocations | |  1.0

Action                   || total
-------------------------++-------
Melee: Dagger            ||    14
       Tentacles         ||     3
       Constrict         ||     2
 Cast: Magic Dart        ||    22
  Use: Potion            ||     3
Armor: Skin              ||     6
Dodge: Dodged            ||    13
Block: Buckler           ||     1
